 Dungeon Crawl Stone Soup version 0.26-a0-450-ge645bd1 (webtiles) character file.

Game seed: 4734212220442463862

65 Balder the Shield-Bearer (level 3, -5/33 HPs)
             Began as a Minotaur Fighter on July 28, 2020.
             Killed by divine providence
             ... invoked by an orc priest
              (11 damage)
             ... on level 3 of the Dungeon.
             The game lasted 00:03:12 (851 turns).

Balder the Shield-Bearer (Minotaur Fighter)          Turns: 851, Time: 00:03:13

Health: -5/33      AC:  8    Str: 20    XL:     3   Next: 94%
Magic:  2/2        EV:  7    Int:  5    God:
Gold:   29         SH:  9    Dex: 10    Spells: 2/2 levels left

rFire    . . .     SeeInvis .   a - +0 war axe
rCold    . . .     Faith    .   c - +0 kite shield
rNeg     . . .     Spirit   .   b - +0 scale mail
rPois    .         Reflect  .   d - +1 hat
rElec    .         Harm     .   (no cloak)
rCorr    .                      (no gloves)
MR       .....                  (no boots)
Stlth    ..........             (no amulet)
HPRegen  0.11/turn              (no ring)
MPRegen  0.08/turn              (no ring)

@: no status effects
A: retaliatory headbutt, horns 2
a: no special abilities


You were on level 3 of the Dungeon.
You visited 1 branch of the dungeon, and saw 3 of its levels.

You collected 29 gold pieces.

Inventory:

Hand Weapons
 a - a +0 war axe (weapon)
 h - a +2 dagger of speed
 k - a +1 war axe of freezing
Armour
 b - a +0 scale mail (worn)
 c - a +0 kite shield (worn)
 d - a +1 hat (worn)
Scrolls
 e - a scroll of immolation {unknown}
 g - 3 scrolls of remove curse {unknown}
 j - a scroll of fog {unknown}
 l - a scroll of identify {unknown}
Potions
 f - a potion of curing {unknown}
 i - a potion of heal wounds {unknown}


   Skills:
 * Level 4.0 Fighting
 * Level 3.6 Axes
 * Level 0.9 Throwing
 * Level 4.0 Armour
 * Level 0.7 Dodging
 * Level 4.1 Shields


You had 2 spell levels left.
You didn't know any spells.
Your spell library was empty.

Dungeon Overview and Level Annotations

Branches:
Dungeon (2/15)

Altars:


Innate Abilities, Weirdness & Mutations

You reflexively headbutt those who attack you in melee.
You have a pair of horns on your head.


Message History

k - a +1 war axe of freezing
l - a scroll labeled GUHIETOESH An orc priest comes into view.
You see here a scroll labeled JUGOADGH ONOPH.
The orc priest shouts!
The orc priest mumbles some strange prayers to Beogh against you.
Beogh smites you!
* * * LOW HITPOINT WARNING * * *
You see here a scroll labeled PUDAXT ITEJ.
The orc priest looks braver for a moment.
You hit the orc priest.
The orc priest is heavily wounded.
You block the orc priest's attack.
The orc priest miscasts a cantrip.
You hit the orc priest but do no damage.
You headbutt the orc priest.
The orc priest is almost dead.
The orc priest calls down the wrath of Beogh upon you.
Beogh smites you!
You die...

#######
#.?.?.#
#.....# #
#.....#
.####.##.@...#
.........o...#
#..####.#.###
.#.#.....†.#
.......))###
........)#
...$......#
.#.......##
##.##....


You could see an orc priest.

Vanquished Creatures
  An orc priest (D:3)
  A dart slug (D:3)
  3 orcs (D:3)
  3 bats (D:1)
  A giant cockroach (D:1)
  3 goblins (D:1)
  3 hobgoblins (D:1)
  7 kobolds
  3 frilled lizards
  7 rats
32 creatures vanquished.

Notes
Turn   | Place    | Note
-------+----------+-------------------------------------------
     0 | D:1      | Balder the Minotaur Fighter began the quest for the Orb.
     0 | D:1      | Reached XP level 1. HP: 19/19 MP: 0/0
   139 | D:1      | Reached XP level 2. HP: 24/27 MP: 1/1
   806 | D:2      | You fall into a shaft and drop 1 floor!
   814 | D:3      | Reached XP level 3. HP: 28/33 MP: 2/2
   851 | D:3      | Killed from afar by an orc priest

Illustrated notes

Levels and vault maps discovered:
D:1:      moated_graveyard_arrival, layout_basic, minmay_vboxes
D:2:      layout_loops_corners
D:3:      layout_loops_cross

Skill      XL: |  1  2  3 |
---------------+----------+-----
Shields        | 4 |  4.1
Axes           | 3 |  3.6
Fighting       | 4 |  4.0
Armour         | 4 |  4.0
Throwing       | |  0.9
Dodging        | |  0.7

Action                   || total
-------------------------++-------
Melee: War axe           ||    80
       Headbutt          ||     3
  Use: Potion            ||     1
Armor: Scale mail        ||    32
Dodge: Dodged            ||    32
Block: Kite shield       ||    41

Table legend: (Time is in decaauts)
 A = Elapsed time spent in this place.
 B = Non-inter-level travel time spent in this place.
 C = Inter-level travel time spent in this place.
 D = Time resting spent in this place.
 E = Time spent auto-exploring this place.
 F = Levels seen in this place.
 G = Mean time per level.
                   A        B        C        D        E       F      G
               +--------+--------+--------+--------+--------+-----+--------+
         Total |    884 |    884 |      0 |      0 |    478 |   3 |  294.7 |
       Dungeon |    884 |    884 |      0 |      0 |    478 |   3 |  294.7 |
               +--------+--------+--------+--------+--------+-----+--------+

Top non-repeatable levels by time:
     D:1: 791 daAuts
     D:3: 50 daAuts
     D:2: 41 daAuts
